Description

2-base muta for ZvT.

Build Order

Get SALT Encoding   

  12  0:31  Overlord  
  12  0:39  Extractor  
  16  1:06  Spawning Pool  
  17  1:33  Hatchery  
  17  1:38  Extractor  
  17  1:52  Queen  
  20  2:02  Overlord  
  20  2:07  Extractor  
  22  2:28  Queen  
  25  2:40  Overlord  
  25  2:46  Queen  
  25  2:49  Metabolic Boost  
  34  3:13  Overlord  
  41  3:40  Lair  
  44  3:44  Overlord  
  44  3:47  Zergling x4  
  48  4:05  Extractor x3  
  53  4:14  Baneling Nest  
  54  4:32  Hatchery  
  54  4:39  Spire  
  54  4:42  Zergling x6  
  54  4:43  Overseer  
  56  4:48  Zergling x8  
  60  4:55  Zergling x2  
  60  4:58  Centrifugal Hooks  
  65  5:20  Evolution Chamber  
  69  5:46  Mutalisk x6  
  81  5:52  Zerg Ground Armor Level 1  
  87  6:09  Zerg Flyer Armor Level 1  
  90  6:17  Hatchery  
  91  6:27  Evolution Chamber  
  95  6:39  Extractor x2  
  97  6:44  Mutalisk x3  
  104  6:51  Mutalisk  
  140  8:03  Hatchery  
Spawning Tool Build Advisor. Get it on Overwolf

Go to:

Details

  • Created by: Redwood
  • Published on: Aug 15, 2026
  • Modified on: Aug 15, 2026
  • Patch: 5.0.16
  • Difficulty: Medium
Show
View Real Time Build Order
Export as new Build Order

Comments (0)

There are no comments. Be the first!

Create an account to comment!